 Dungeon Crawl Stone Soup version 0.30-a0-983-g7e3032bf44 (webtiles) character file.

Game seed: 6566145961654685241

20135 Conn the Thaumaturge (level 12, -16/71 HPs)
             Began as an Octopode Fire Elementalist on Apr 1, 2023.
             Was a Believer of Sif Muna.
             Demolished by Querens's ghost (19 damage)
             ... on level 9 of the Dungeon.
             The game lasted 00:56:54 (12512 turns).

Conn the Thaumaturge (Octopode Fire Elementalist)  Turns: 12512, Time: 00:56:54

Health: -16/71     AC:  3    Str:  8    XL:     12   Next: 76%
Magic:  19/25      EV: 12    Int: 34    God:    Sif Muna [**....]
Gold:   483        SH:  6    Dex: 12    Spells: 5/30 levels left

rFire   + . .      SeeInvis .    b - staff of fire
rCold   + . .      Faith    +    t - -1 kite shield "Unixtev" {rC+}
rNeg    . . .      Spirit   .    D - +2 hat
rPois   +          Reflect  .    F - amulet of faith
rElec   .          Rampage  .    k - ring of resist corrosion
rCorr   +                        i - +6 ring of intelligence
Will    .....                    y - +6 ring of intelligence
Stlth   ++++                     B - ring of poison resistance
HPRegen 0.31/turn                (no ring)
MPRegen 0.19/turn                (no ring)
                                 (no ring)
                                 (no ring)

@: very slightly contaminated, hasted, very quick
A: almost no armour, amphibious, 8 rings, camouflage 1, gelatinous body 1,
(nimble swimmer 1), tentacles
a: Renounce Religion, Channel Magic


You were on level 9 of the Dungeon.
You worshipped Sif Muna.
Sif Muna was pleased with you.
You visited 2 branches of the dungeon, and saw 10 of its levels.
You also visited: Bailey.

You collected 580 gold pieces.
You spent 97 gold pieces at shops.

Inventory:

Hand Weapons
 a - a +4 dagger of venom
 g - a +0 hammer of protection
Missiles
 f - a throwing net
 w - 2 curare-tipped darts
Armour
 t - the -1 kite shield "Unixtev" (worn) {rC+}
   (You acquired it in a bailey)

   rC:        It protects you from cold.
 D - a +2 hat (worn)
Magical Staves
 b - a staff of fire (weapon)
Jewellery
 i - a +6 ring of intelligence (right tentacle)
 k - a ring of resist corrosion (left tentacle)
 y - a +6 ring of intelligence (on tentacle)
 B - a ring of poison resistance (on tentacle)
 F - an amulet of faith (around mantle)
Wands
 m - a wand of flame (27)
 o - a wand of paralysis (34)
 x - a wand of roots (6)
 A - a wand of polymorph (13)
Scrolls
 c - a scroll of magic mapping
 e - 6 scrolls of teleportation
 r - a scroll of poison
 u - a scroll of immolation
 v - 3 scrolls of enchant armour
 E - a scroll of fog
Potions
 j - a potion of might
 l - a potion of mutation
 p - 2 potions of flight
 q - a potion of magic
 s - a potion of attraction


   Skills:
 + Level 2.3 Fighting
 + Level 1.6 Short Blades
 + Level 0.1 Staves
 + Level 3.5 Dodging
 - Level 5.2 Stealth
 * Level 1.4 Shields
 + Level 9.8 Spellcasting
 + Level 7.5 Conjurations
 + Level 1.8 Hexes
 + Level 6.1 Summonings
 + Level 4.0 Transmutations
 + Level 9.3 Fire Magic
 * Level 1.1 Air Magic
 + Level 9.6 Invocations
 + Level 0.3 Evocations


You had 5 spell levels left.
You knew the following spells:

 Your Spells              Type           Power      Damage    Failure   Level
a - Foxfire               Conj/Fire      100%       2x1d6     1%          1
b - Call Canine Familiar  Summ           55%        N/A       2%          3
c - Inner Flame           Hex/Fire       70%        N/A       2%          3
d - Flame Wave            Conj/Fire      84%        2d18      2%          4
e - Scorch                Fire           100%       2d10      1%          2
f - Irradiate             Conj/Tmut      27%        3d20      24%         5
g - Blink                 Tloc           32%        N/A       14%         2
h - Plasma Beam           Fire/Air       34%        2x1d34    28%         5

Your spell library contained the following spells:

 Spells                   Type           Power      Damage    Failure   Level
 Kiss of Death            Conj/Necr      100%       2d13      1%          1
 Static Discharge         Conj/Air       92%        2-6/arc   2%          2
 Kindle Blastsparks       Fire/Tloc/Air  100%       2d18      6%          3
 Cigotuvi's Dreadful Rot  Necr/Pois/Air  38%        N/A       12%         2
 Confusing Touch          Hex            29%        N/A       13%         3
 Tukima's Dance           Hex            29%        N/A       13%         3
 Sublimation of Blood     Necr           16%        N/A       14%         2
 Portal Projectile        Hex/Tloc       46%        N/A       19%         3
 Vhi's Electric Charge    Tloc/Air       40%        N/A       22%         3
 Petrify                  Tmut/Erth      30%        N/A       36%         4
 Arcjolt                  Conj/Air       23%        1d33      38%         5
 Leda's Liquefaction      Hex/Erth       11%        N/A       52%         4
 Yara's Violent Unravell  Hex/Tmut       18%        3d9       58%         5
 Dispel Undead            Necr           16%        3d10      65%         4
 Manifold Assault         Tloc           16%        N/A       65%         4
 Passage of Golubria      Tloc           16%        N/A       65%         4
 Borgnjor's Vile Clutch   Necr/Erth      8%         N/A       94%         5
 Summon Cactus Giant      Summ           27%        N/A       73%         6
 Death Channel            Necr           8%         N/A       100%        6
 Storm Form               Tmut/Air       17%        N/A       100%        7


Dungeon Overview and Level Annotations

Branches:
Dungeon (9/15)             Temple (1/1) D:6            Lair (0/5) D:8
 Bailey (visited)
    Orc: D:9-12

Altars:
Ashenzari
Cheibriados
Dithmenos
Gozag
Hepliaklqana
Kikubaaqudgha
Makhleb
Nemelex Xobeh
Okawaru
Qazlal
Ru
Sif Muna
Trog
Uskayaw
Vehumet
Wu Jian
Xom
Yredelemnul
Zin
The Shining One

Shops:
D:4 ?

Annotations:
D:8 2 transporters, P0WERM0DE's ghost, novice DrEE
D:9 Querens's ghost, journeyman FoFi


Innate Abilities, Weirdness & Mutations

You cannot wear most types of armour.
You are amphibious.
You can wear up to eight rings at the same time.
Your skin changes colour to match your surroundings (Stealth+).
Your rubbery body absorbs attacks. (AC +1, EV +1)
((You are camouflaged when in or above water. (Stealth+)))
You have tentacles for arms and can constrict up to eight enemies at once.


Message History

* * * LOW HITPOINT WARNING * * *
You attack the rock wall.
Your transformation is almost over.
Querens's ghost hits you but does no damage.
You attack the rock wall.
Querens's ghost completely misses you.
You hit Querens's ghost but do no damage.
You punch Querens's ghost.
Querens's ghost is moderately damaged.
Querens's ghost hits you but does no damage.
You attack the rock wall.
Querens's ghost hits you!
* * * LOW HITPOINT WARNING * * *
You hit Querens's ghost but do no damage.
You burn Querens's ghost.
Querens's ghost is moderately damaged.
Querens's ghost hits you but does no damage.
You swing at nothing.
Querens's ghost hits you!
* * * LOW HITPOINT WARNING * * *
You attack the rock wall.
Querens's ghost barely misses you.
You nearly hit yourself!
You feel less invigorated.
You feel less confused.
Querens's ghost hits you but does no damage.
Casting: Irradiate (dangerous; 24% risk of failure)
Confirm with . or Enter, or press ? or * to list all spells.
Casting: Flame Wave (mildly dangerous; 2% risk of failure)
Press: ? - help, Dir - look around, f - activate You feel a surge of power!
A wave of flame ripples out!
The flame wave engulfs Querens's ghost!
Querens's ghost is heavily damaged. (Press . to intensify the flame waves.) Querens's ghost hits you!
* * * LOW HITPOINT WARNING * * *
A wave of flame ripples out!
The flame wave engulfs Querens's ghost!!
Querens's ghost is severely damaged.
You feel less wooden.
Your +2 hat unmelds from your body.
A wave of flame ripples out!
The flame wave engulfs Querens's ghost.
Querens's ghost is severely damaged.
You finish channelling waves of flame.
Querens's ghost hits you!!
You die...

..♣♣...♣♣....#.##.$=!.##.........
.............#.#.......#..#######
..._.........#.##.....##..#......
.............#.#.......#..'......
.............#.###'''###..'......
.............#............#......
.............#............#......
#.....####+###..W.........#######
#...............@................
#..............########..........
#..###########.# #.......... #..#
#.# #.......... #..# #.#
#.......... ####
#.########..........
#...................
#...................
#...................


You could see Querens's ghost.

Vanquished Creatures
  2 two-headed ogres (D:8)
  Maurice (D:9)
  A rime drake (D:8)
  2 kobold demonologists (Bailey)
  4 unseen horror zombies (D:9)
  The ghost of Mulkerokala the Grave Robber, a novice KoNe (D:5)
  Grinder (D:3)
  A shadow (D:9)
  3 wraiths (D:9)
  A spriggan (D:8)
  4 yaks (D:9)
  Eustachio (D:4)
  4 vampire mosquitoes (D:9)
  3 water moccasins
  8 ice beasts
  A hornet zombie (D:9)
  12 orc warriors
  A black bear (D:8)
  An ogre (D:7)
  3 wolves (D:8)
  4 centaurs
  A phantom (D:4)
  2 kobold brigands
  3 bullfrogs
  11 wights
  16 killer bees
  A howler monkey (D:9)
  6 electric eels (Bailey)
  3 centaur zombies (D:9)
  4 orc priests
  6 hounds
  3 jellies
  A sleepcap (D:7)
  Crazy Yiuf (D:3)
  A gnoll bouda (D:7)
  2 iguanas
  Ijyb (D:3)
  4 orc wizards
  A howler monkey zombie (D:9)
  7 gnolls
  10 adders
  A shadow imp (D:6)
  A white imp (D:5)
  2 ufetubi
  A worm (D:3)
  A dart slug (D:1)
  37 orcs
  5 bats
  13 endoplasms
  5 giant cockroaches
  16 goblins
  8 hobgoblins
  5 quokkas
  4 ball pythons
  3 frilled lizards (D:1)
  23 kobolds
  6 rats
274 creatures vanquished.

Vanquished Creatures (collateral kills)
  2 yaks (D:5)
2 creatures vanquished.

Vanquished Creatures (others)
  548 foxfires
548 creatures vanquished.

Grand Total: 824 creatures vanquished

Notes
Turn   | Place    | Note
-------+----------+-------------------------------------------
     0 | D:1      | Conn the Octopode Fire Elementalist began the quest for the
                  | Orb.
     0 | D:1      | Reached XP level 1. HP: 11/11 MP: 3/3
     0 | D:1      | Found a sacrificial altar of Ru.
   120 | D:1      | Reached XP level 2. HP: 17/17 MP: 5/5
   596 | D:1      | Reached XP level 3. HP: 21/21 MP: 3/6
  1057 | D:2      | Identified the +0 leather armour of Feasting {Str+3 Dex+4}
  1335 | D:2      | Reached XP level 4. HP: 22/27 MP: 3/7
  1338 | D:2      | Learned a level 2 spell: Scorch
  1342 | D:2      | Learned a level 3 spell: Inner Flame
  1899 | D:3      | Noticed Grinder
  2256 | D:3      | Found a sacrificial altar of Ru.
  2318 | D:3      | Found a burning altar of Makhleb.
  2337 | D:3      | Reached XP level 5. HP: 32/32 MP: 9/9
  2392 | D:3      | Noticed Ijyb
  2401 | D:3      | Killed Ijyb
  2547 | D:3      | Found a shadowy altar of Dithmenos.
  2583 | D:3      | Found an ornate altar of the Wu Jian Council.
  2629 | D:3      | Found a broken altar of Ashenzari.
  2860 | D:3      | Found a runed translucent door.
  2861 | D:3      | Noticed Crazy Yiuf
  2876 | D:3      | Killed Crazy Yiuf
  3148 | D:4      | Noticed Eustachio
  3153 | D:4      | Killed Eustachio
  3154 | D:4      | Reached skill level 1 in Short Blades
  3154 | D:4      | Reached XP level 6. HP: 37/37 MP: 1/11
  3632 | D:4      | Found Haruecyh's Magic Scroll Boutique.
  3640 | D:4      | Bought a scroll of blinking for 97 gold pieces
  3648 | D:4      | Reached XP level 7. HP: 42/42 MP: 5/13
  4240 | D:4      | Found a hide-covered altar of Uskayaw.
  4549 | D:5      | Entered Level 5 of the Dungeon
  4575 | D:3      | Learned a level 4 spell: Flame Wave
  4776 | D:3      | Killed Grinder
  4777 | D:3      | Reached skill level 5 in Stealth
  4777 | D:3      | Reached skill level 5 in Fire Magic
  4879 | D:5      | Learned a level 3 spell: Call Canine Familiar
  4906 | D:5      | Got Saetureu's Handbook of the Morgue
  5151 | D:5      | Reached skill level 1 in Summonings
  5151 | D:5      | Reached XP level 8. HP: 47/47 MP: 6/15
  5260 | D:5      | Found a runed translucent gate.
  5260 | D:5      | Found a runed translucent gate.
  5260 | D:5      | Noticed Mulkerokala's ghost (novice KoNe)
  5261 | D:5      | Found a runed translucent gate.
  5309 | D:5      | Killed Mulkerokala's ghost
  5310 | D:5      | Reached skill level 5 in Spellcasting
  5538 | D:5      | Noticed a yak
  5540 | D:5      | Noticed a yak
  5559 | D:5      | Killed a yak
  5563 | D:5      | Killed a yak
  5564 | D:5      | Noticed a yak
  5564 | D:5      | Noticed a yak
  5565 | D:5      | Noticed a yak
  5710 | D:5      | Reached skill level 5 in Conjurations
  6084 | D:6      | Found a staircase to the Ecumenical Temple.
  6090 | Temple   | Entered the Ecumenical Temple
  6299 | D:6      | Reached skill level 1 in Hexes
  6320 | D:6      | Reached XP level 9. HP: 52/52 MP: 10/17
  6964 | D:6      | Reached skill level 1 in Fighting
  8324 | D:7      | Learned a level 5 spell: Irradiate
  8354 | D:8      | Noticed a two-headed ogre
  8421 | D:8      | Reached XP level 10. HP: 50/60 MP: 0/20
  8430 | D:8      | Reached skill level 1 in Transmutations
  8487 | D:8      | Noticed a two-headed ogre
  8492 | D:8      | Killed a two-headed ogre
  8625 | D:8      | Found a transporter.
  8629 | D:8      | Found a bloodstained altar of Trog.
  8629 | D:8      | Noticed a moth of wrath
  8672 | D:8      | Found a radiant altar of Vehumet.
  8722 | D:8      | Found a staircase to the Lair.
  8962 | D:8      | Killed a two-headed ogre
  9331 | D:8      | Found a shimmering blue altar of Sif Muna.
  9337 | D:8      | Became a worshipper of Sif Muna the Loreminder
  9367 | D:8      | Reached skill level 5 in Summonings
  9649 | D:8      | Found a transporter.
  9667 | D:8      | Noticed P0WERM0DE's ghost (novice DrEE)
  9877 | D:9      | Noticed Maurice
  9887 | D:9      | Killed Maurice
  9888 | D:9      | Reached XP level 11. HP: 60/64 MP: 2/23
 10375 | D:9      | Found a flagged portal.
 10397 | Bailey   | Entered a bailey
 10736 | Bailey   | Reached * piety under Sif Muna
 11107 | Bailey   | Acquired the -1 kite shield "Unixtev" {rC+}
 11265 | Bailey   | Found an iron altar of Okawaru.
 11502 | Bailey   | Reached XP level 12. HP: 70/70 MP: 25/25
 11758 | D:9      | Found a snail-covered altar of Cheibriados.
 11806 | D:9      | Found a basalt altar of Yredelemnul.
 11807 | D:9      | Reached ** piety under Sif Muna
 11980 | D:9      | Found a runed translucent gate.
 11980 | D:9      | Found a runed translucent gate.
 11980 | D:9      | Found a runed translucent gate.
 11981 | D:9      | Noticed Querens's ghost (journeyman FoFi)
 12470 | D:9      | Learned a level 2 spell: Blink
 12476 | D:9      | Learned a level 5 spell: Plasma Beam
 12487 | D:9      | Reached skill level 1 in Shields
 12487 | D:9      | Reached skill level 1 in Air Magic
 12495 | D:9      | HP: 2/106 [Querens's ghost (8)]
 12501 | D:9      | HP: 3/106 [Querens's ghost (13)]
 12510 | D:9      | HP: 4/106 [Querens's ghost (17)]
 12512 | D:9      | Demolished by Querens's ghost

Illustrated notes

Levels and vault maps discovered:
D:1:      sevenhm_arrival_forest_fort_small_6, layout_basic,
          nicolae_figureground_sparkle
D:2:      layout_loops_ring
D:3:      layout_loops_ring, bloody_makhleb, nicolae_ru_sacrificial_ziggurat,
          mainiacjoe_overflow_surrounded_room, mainiacjoe_overflow_big_doors,
          kennysheep_another_room, grunt_decor_resistance, minmay_misc_feat_iff,
          uniq_grinder, uniq_crazy_yiuf_cottage, uniq_ijyb
D:4:      layout_layer_cave, nicolae_uskayaw_murder_on_the_dancefloor,
          serial_shops, shop, uniq_eustachio
D:5:      layout_basic, gammafunk_ghost_nasty_kobolds
D:6:      layout_loops_corners, minmay_temple_entry_fiery
D:7:      layout_rooms
D:8:      layout_basic, nicolae_vehumet_radiance, mainiacjoe_overflow_catwalk,
          hellmonk_lair_entry_icy, gammafunk_ghost_wrathful_warriors,
          grunt_ministairs_12, kennysheep_big_empty_room, wad_floor_pattern_2,
          the_hattery
D:9:      layout_irregular_city, mainiacjoe_overflow_tiny_flanked,
          nicolae_yredelemnul_corpse_copse, gammafunk_ghost_spectres,
          enter_bailey_5, uniq_maurice
Temple:   compressed_dpeg_circular_temple

Skill      XL: |  1  2  3  4  5  6  7  8  9 10 11 12 |
---------------+-------------------------------------+-----
Stealth        | 3 4 5 |  5.2
Spellcasting   | 3 4 5 7 8 9 |  9.8
Fire Magic     | 4 5 6 7 8 9 |  9.3
Short Blades   | 1 |  1.6
Conjurations   | 2 3 5 6 7 |  7.5
Summonings     | 1 2 3 5 6 |  6.1
Hexes          | 1 |  1.8
Fighting       | 2 |  2.3
Transmutations | 3 4 |  4.0
Invocations    | 9 |  9.6
Dodging        | 3 |  3.5
Shields        | 1 |  1.4
Air Magic      | 1 |  1.1
Staves         | |  0.1
Evocations     | |  0.3

Action                     |  1- 3 |  4- 6 |  7- 9 | 10-12 || total
---------------------------+-------+-------+-------+-------++-------
  Melee: Dagger            |    37 |    26 |    33 |     1 ||    97
         Constrict         |    11 |     8 |    12 |     8 ||    39
         Unarmed           |     1 |       |       |       ||     1
         Tentacles         |    10 |     8 |    11 |     8 ||    37
         Punch             |       |       |     3 |     1 ||     4
         Staff             |       |       |       |    29 ||    29
         Mace              |       |       |       |     3 ||     3
   Cast: Foxfire           |    46 |    48 |    92 |   131 ||   317
         Scorch            |       |     5 |    37 |    49 ||    91
         Inner Flame       |       |     2 |    11 |    13 ||    26
         Flame Wave        |       |       |     4 |    22 ||    26
         Call Canine Famil |       |       |     3 |     2 ||     5
         Blink             |       |       |       |     1 ||     1
  Evoke: Wand              |       |       |     3 |       ||     3
    Use: Potion            |       |       |     5 |    13 ||    18
         Scroll            |       |       |    14 |    13 ||    27
   Stab: Sleeping          |     5 |     6 |     5 |     2 ||    18
         Paralysed         |       |       |     2 |       ||     2
 Armour: Skin              |     3 |       |     3 |    40 ||    46
  Dodge: Dodged            |    34 |    10 |    51 |    75 ||   170
  Block: Kite shield       |       |       |       |    19 ||    19

Table legend: (Time is in decaauts)
 A = Elapsed time spent in this place.
 B = Non-inter-level travel time spent in this place.
 C = Inter-level travel time spent in this place.
 D = Time resting spent in this place.
 E = Time spent auto-exploring this place.
 F = Levels seen in this place.
 G = Mean time per level.
                   A        B        C        D        E       F      G
               +--------+--------+--------+--------+--------+-----+--------+
         Total |  12472 |  12052 |    420 |    780 |   7957 |  11 | 1133.8 |
       Dungeon |  11175 |  10755 |    420 |    612 |   7354 |   9 | 1241.7 |
        Temple |    127 |    127 |      0 |      0 |     85 |   1 |  127.0 |
        Bailey |   1169 |   1169 |      0 |    168 |    517 |   1 | 1169.0 |
               +--------+--------+--------+--------+--------+-----+--------+

Top non-repeatable levels by time:
     D:8: 1656 daAuts
     D:4: 1542 daAuts
     D:6: 1494 daAuts
     D:3: 1372 daAuts
     D:9: 1280 daAuts
  Bailey: 1169 daAuts
     D:5: 1127 daAuts
     D:2: 1116 daAuts
     D:1: 910 daAuts
     D:7: 675 daAuts
  Temple: 127 daAuts
